 Dungeon Sprint DCSS version 0.21-a0-401-g0b6bec4 (webtiles) character file.

5 theanonym the Skirmisher (level 1, -3/15 HPs)
             Began as a Gargoyle Fighter on Oct 21, 2017.
             Was an Initiate of Makhleb.
             Killed by divine providence
             ... invoked by an orc priest
              (17 damage)
             ... in the Dungeon (Sprint VII: "The Pits").
             The game lasted 00:00:54 (240 turns).

theanonym the Skirmisher (Gargoyle Fighter)          Turns: 240, Time: 00:00:55

Health: -3/15      AC:  9    Str: 19    XL:     1   Next: 80%
Magic:  1/1        EV:  7    Int:  8    God:    Makhleb [......]
Gold:   0          SH:  9    Dex:  9    Spells: 0/0 levels left

rFire    . . .     SeeInvis .   a - +0 flail
rCold    . . .     Gourm    .   c - +0 shield
rNeg     + . .     Faith    .   b - +0 scale mail
rPois    ∞         Spirit   .   (no helmet)
rElec    +         Reflect  .   (no cloak)
rCorr    .         Harm     .   (no gloves)
MR       .....     NoTele   +   (no boots)
Stlth    ..........             (no amulet)
HPRegen  0.05/turn              (no ring)
MPRegen  0.07/turn              (no ring)

@: no status effects
A: negative energy resistance 1, electricity resistance, unbreathing,
petrification resistance, rot immunity, AC +2
a: Renounce Religion


You were in the Dungeon.
You worshipped Makhleb.
Makhleb was noncommittal.
You were not hungry.

You visited 1 branch

Inventory:

Hand Weapons
 a - a +0 flail (weapon)
Armour
 b - a +0 scale mail (worn)
 c - a +0 shield (worn)
Magical Staves
 n - an uncursed staff of energy
   (You found it in the Dungeon)
Scrolls
 k - a scroll of blinking
 o - 3 scrolls of remove curse
 p - 5 scrolls of amnesia
 q - a scroll of summoning
Potions
 d - a potion of might
 e - a potion of curing
 h - a potion of haste
 i - 4 potions of magic
 j - 3 potions of berserk rage
 m - 2 potions of invisibility
Comestibles
 f - 8 bread rations
 l - 2 chunks of flesh
 r - 40 fruits
 s - 7 meat rations


   Skills:
 + Level 3.7 Fighting
 * Level 2.9 Maces & Flails
 + Level 3.7 Armour
 + Level 3.7 Shields


You couldn't memorise any spells.
You didn't know any spells.

Dungeon Overview and Level Annotations

Branches:
Dungeon (1/1)

Altars:
Ashenzari
Cheibriados
Dithmenos
Elyvilon
Fedhas
Gozag
Hepliaklqana
Kikubaaqudgha
Makhleb
Nemelex Xobeh
Okawaru
Qazlal
Ru
Sif Muna
Trog
Uskayaw
Vehumet
Wu Jian
Xom
Yredelemnul
Zin
The Shining One
Beogh
Jiyva
Lugonu


Innate Abilities, Weirdness & Mutations

You are resistant to torment.
Your stone body is resilient. (AC +2)
You are immune to poison.
You resist negative energy. (rN+)
You are resistant to electric shocks. (rElec)
You can survive without breathing.
You are immune to petrification.
You are immune to rotting.


Message History

a +2 mace; a +2 hand axe
Things that are here:
a +2 falchion; a +2 dagger Unknown command.
Things that are here:
a +2 quarterstaff; a +2 trident As you open the door, it creaks loudly!
There is an open door here.
i - 4 potions of magic (gained 2)
j - 3 potions of berserk rage (gained 2)
m - 2 potions of invisibility
n - an uncursed staff of energy You see here 10 stones.
o - 3 scrolls of remove curse;
p - 5 scrolls of amnesia
q - a scroll of summoning You see here 2 scrolls of vulnerability.
Unknown command.
r - 40 fruits;
s - 7 meat rations;
f - 8 bread rations (gained 7)
You see here 2 scrolls of vulnerability.
You see here 10 stones.
There is an open door here.
Things that are here:
a +2 quarterstaff; a +2 trident
Things that are here:
a +2 falchion; a +2 dagger
Things that are here:
a +2 mace; a +2 hand axe
There is an open door here.
You open the door.
Found nineteen altars.
There is an open door to the Temple (Safe) here.
Found three altars.
Found three altars.
There is a deep blue altar of Sif Muna here.
There is a sacrificial altar of Ru here.
There is a stormy altar of Qazlal here.
There is an iron altar of Okawaru here.
There is a sparkling altar of Nemelex Xobeh here.
There is a burning altar of Makhleb here.
Unknown command.
Press < or > to pray at altars.
You kneel at the altar of Makhleb.
Makhleb welcomes you!
Unknown command.
Press < or > to pray at altars.
Unknown command.
Press < or > to pray at altars.
There is a sparkling altar of Nemelex Xobeh here.
There is an iron altar of Okawaru here.
There is a stormy altar of Qazlal here.
There is a sacrificial altar of Ru here.
There is a deep blue altar of Sif Muna here.
There is an open door to the Temple (Safe) here.
You open the door.
An orc comes into view. It is wielding a flail.
The orc shouts!
The orc hits you with a flail!
Ouch! That really hurt!
* * * LOW HITPOINT WARNING * * *
There is an open door here.
You take 7 damage, and have 7/14 hp.
MASSIVE DAMAGE!!
You closely miss the orc. You block the orc's attack.
You sock the orc!
You kill the orc!
Makhleb accepts your kill.
Things that are here:
a flail; a leather armour
There is an open door here.
You start resting.
You regained 5 hp, and now have 12/14 hp.
You start resting.
Health restored: 14 As you open the door, it creaks loudly!
There is an open door here.
You open the door.
A jackal, a gnoll, an orc and an orc priest come into view.
The orc priest shouts!
The orc shouts!
The jackal barks!
The gnoll shouts!
You hear a bark!
You hear a shout!
The orc priest casts a cantrip, but nothing happens.
A gnoll comes into view. It is wielding a club.
The gnoll shouts!
A jackal and an orc come into view.
The orc priest calls down the wrath of Beogh upon you.
Beogh smites you!
Ouch! That really hurt!
* * * LOW HITPOINT WARNING * * *
You take 12 damage, and have 2/14 hp.
MASSIVE DAMAGE!!
Unknown command.
You feel much better.
Health restored: 14 Your shield prevents you from hitting the orc.
The orc barely misses you. The orc hits you with a dagger.
You take 1 damage, and have 13/14 hp.
You sock the orc!
You kill the orc!
Makhleb accepts your kill.
The orc priest calls down the wrath of Beogh upon you.
Beogh smites you!
Ouch! That really hurt!
You die...

##########.##.....
#...........'.....
#'#####'#####.....
#.# #.)# #.....
#.# +..+ ####'#
#.# #### #.....
#.# #..... #.#
#..... #@# #...<.
#h# #..... #g#
#..... #'# #.....


#og ###### #... #...# #.##. #.. #o You could see an orc priest, 2 gnolls and a
jackal.

Vanquished Creatures
  2 orcs (D)
  A goblin (D)
3 creatures vanquished.

Notes
Turn   | Place    | Note
-------+----------+-------------------------------------------
     0 | D        | theanonym the Gargoyle Fighter began the quest for the Orb.
     0 | D        | Reached XP level 1. HP: 14/14 MP: 1/1
    39 | D        | Found a glowing golden altar of the Shining One.
    39 | D        | Found a glowing silver altar of Zin.
    39 | D        | Found a basalt altar of Yredelemnul.
    39 | D        | Found a shimmering altar of Xom.
    39 | D        | Found an ornate altar of the Wu Jian Council.
    39 | D        | Found a bloodstained altar of Trog.
    39 | D        | Found a deep blue altar of Sif Muna.
    39 | D        | Found a sacrificial altar of Ru.
    39 | D        | Found a stormy altar of Qazlal.
    39 | D        | Found an iron altar of Okawaru.
    39 | D        | Found a sparkling altar of Nemelex Xobeh.
    39 | D        | Found a burning altar of Makhleb.
    39 | D        | Found a viscous altar of Jiyva.
    39 | D        | Found a hazy altar of Hepliaklqana.
    39 | D        | Found an opulent altar of Gozag.
    39 | D        | Found a blossoming altar of Fedhas.
    39 | D        | Found a white marble altar of Elyvilon.
    39 | D        | Found a shadowy altar of Dithmenos.
    39 | D        | Found a snail-covered altar of Cheibriados.
    40 | D        | Found a radiant altar of Vehumet.
    40 | D        | Found a corrupted altar of Lugonu.
    40 | D        | Found a roughly hewn altar of Beogh.
    41 | D        | Found an ancient bone altar of Kikubaaqudgha.
    41 | D        | Found a hide-covered altar of Uskayaw.
    41 | D        | Found a shattered altar of Ashenzari.
    47 | D        | Became a worshipper of Makhleb the Destroyer
   234 | D        | Noticed an orc priest
   240 | D        | Killed from afar by an orc priest

Vault maps used:
D:        pitsprint

Action                   || total
-------------------------++-------
Melee: Flail             ||     5
  Use: Potion            ||     1
Dodge: Dodged            ||     1
Block: Shield            ||     2

Table legend:
 A = Spawn XP
 B = Non-spawn XP
 C = Spawn XP percentage of total XP
 D = Spawn monster count
 E = Non-spawn monster count
 F = Spawn count percentage of total count
 G = Total turns spent on level
                    A         B        C        D         E        F      G
               +---------+---------+-------+---------+---------+-------+---------
         Total |       0 |       8 |   0.0 |       0 |       3 |   0.0 |   240
               +---------+---------+-------+---------+---------+-------+---------
             D |       0 |       8 |   0.0 |       0 |       3 |   0.0 |   240
               +---------+---------+-------+---------+---------+-------+---------
